 Dungeon Crawl Stone Soup version 0.30-a0-476-g330ca2eb8e (webtiles) character file.

Game seed: 9580138335603550679

77996 xzight the Imperceptible (level 15, -20/63 HPs)
             Began as a Spriggan Enchanter on Dec 21, 2022.
             Was the Champion of Dithmenos.
             Hit by a large rock thrown by a cyclops (48 damage)
             ... on level 14 of the Dungeon.
             The game lasted 01:08:10 (25246 turns).

xzight the Imperceptible (Spriggan Enchanter)      Turns: 25246, Time: 01:08:11

Health: -20/63     AC:  3    Str: 15    XL:     15   Next: 16%
Magic:  14/27      EV: 39    Int: 22    God:    Dithmenos [******]
Gold:   1096       SH:  0    Dex: 24    Spells: 5/28 levels left

rFire   + . .      SeeInvis +    a - +10 dagger "Ifrytoim" {spect, Contam rPois Int+2}
rCold   + + .      Faith    .    (no shield)
rNeg    . . .      Spirit   .    M - +1 robe {Will+}
rPois   +          Reflect  .    Z - +0 hat of Lies {Will+ Str+5}
rElec   .          Harm     .    X - scarf {rC+ rF+}
rCorr   .          Rampage  .    (gloves unavailable)
Will    ++++.                    (boots unavailable) Stlth *******+++
                                 k - amulet "Xieqo Ikiru" {Acrobat Dex+4}
HPRegen 0.30/turn                N - ring of protection from cold
MPRegen 0.20/turn                H - +6 ring of strength

@: wreathed by umbra, very quick
A: very small, no large weapons, unfitting armour, see invisible, speed 3
a: Renounce Religion, Shadow Step, Shadow Form


You were on level 14 of the Dungeon.
You worshipped Dithmenos.
Dithmenos was exalted by your worship.
You visited 4 branches of the dungeon, and saw 22 of its levels.
You also visited: Gauntlet.

You collected 1996 gold pieces.
You spent 900 gold pieces at shops.

Inventory:

Hand Weapons
 a - the +10 dagger "Ifrytoim" (weapon) {spect, Contam rPois Int+2}
   (You found it on level 3 of the Dungeon)

   When its wielder attacks, the weapon's spirit leaps out and strikes again.
   The spirit shares a part of any damage it takes with its wielder.
   Int:       It affects your intelligence (+2).
   rPois:     It protects you from poison.
   Contam:    It causes magical contamination when unequipped.
Missiles
 E - 2 throwing nets (quivered)
Armour
 r - a scarf of shadows
 x - a +0 buckler
 M - a +1 robe of willpower (worn)
 X - a scarf of resistance (worn)
 Z - the +0 hat of Lies (worn) {Will+ Str+5}
   (You acquired it on level 12 of the Dungeon)

   Str:       It affects your strength (+5).
   Will:      It increases your willpower.
Magical Staves
 b - a staff of conjuration
Jewellery
 k - the amulet "Xieqo Ikiru" (around neck) {Acrobat Dex+4}
   (You acquired it on level 7 of the Dungeon)

   [amulet of the acrobat]

   It increases your evasion while moving and waiting.
   Dex:       It affects your dexterity (+4).
 u - a ring of flight
 w - the ring "Yhamn" {rF+ Will- rCorr MP+9}
   (You found it on level 5 of the Lair of Beasts)

   [ring of magical power]

   rF:        It protects you from fire.
   MP:        It affects your magic capacity (+9).
   rCorr:     It protects you from acid and corrosion.
   Will:      It decreases your willpower.
 H - a +6 ring of strength (right hand)
 N - a ring of protection from cold (left hand)
 P - a +6 ring of intelligence
 V - a ring of resist corrosion
Wands
 v - a wand of mindburst (26)
 y - a wand of flame (29)
 B - a wand of roots (18)
 I - a wand of digging (18)
 K - a wand of acid (6)
 L - a wand of paralysis (14)
 O - a wand of polymorph (4)
Scrolls
 d - 7 scrolls of fear
 f - 2 scrolls of fog
 g - 13 scrolls of teleportation
 j - 7 scrolls of enchant weapon
 o - a scroll of silence
 A - 6 scrolls of blinking
 C - 2 scrolls of poison
 D - 2 scrolls of enchant armour
 G - 4 scrolls of identify
 J - 2 scrolls of magic mapping
 Q - 2 scrolls of amnesia
Potions
 c - 6 potions of invisibility
 e - 6 potions of curing
 h - 8 potions of heal wounds
 i - a potion of mutation {unknown}
 l - 2 potions of cancellation
 m - 2 potions of flight
 n - 5 potions of might
 z - 3 potions of brilliance
 R - a potion of ambrosia
 S - a potion of magic
 T - a potion of berserk rage
 W - a potion of haste


   Skills:
 - Level 13.3 Short Blades
 + Level 20.4 Dodging
 + Level 24.0 Stealth
 + Level 7.4 Spellcasting
 + Level 1.1 Conjurations
 - Level 8.0 Hexes
 + Level 1.4 Necromancy
 + Level 2.4 Translocations
 + Level 2.4 Transmutations
 + Level 1.1 Earth Magic
 + Level 1.5 Invocations
 + Level 2.2 Evocations


You had 5 spell levels left.
You knew the following spells:

 Your Spells              Type           Power      Damage    Failure   Level
a - Ensorcelled Hibernat  Hex/Ice        50%        N/A       2%          2
b - Confusing Touch       Hex            43%        N/A       1%          3
c - Tukima's Dance        Hex            43%        N/A       1%          3
d - Dazzling Flash        Conj/Hex       56%        N/A       3%          3
e - Blink                 Tloc           38%        N/A       4%          2
f - Borgnjor's Vile Clut  Necr/Erth      6%         N/A       78%         5
g - Irradiate             Conj/Tmut      7%         3d14      71%         5

Your spell library contained the following spells:

 Spells                   Type           Power      Damage    Failure   Level
 Beastly Appendage        Tmut           36%        N/A       3%          1
 Wereblood                Tmut           18%        N/A       4%          2
 Spider Form              Tmut/Pois      13%        N/A       14%         3
 Ignite Poison            Fire/Tmut/Pois 11%        N/A       17%         3
 Kindle Blastsparks       Fire/Tloc/Air  22%        2d11      17%         3
 Manifold Assault         Tloc           19%        N/A       28%         4
 Animate Dead             Necr           14%        N/A       41%         4
 Blade Hands              Tmut           9%         N/A       63%         5
 Summon Forest            Summ/Tloc      6%         N/A       78%         5
 Freezing Cloud           Conj/Ice/Air   4%         6-21      88%         5
 Death Channel            Necr           7%         N/A       100%        6
 Eringya's Noxious Bog    Tmut/Pois      6%         N/A       100%        6
 Dragon Form              Tmut           9%         N/A       100%        7
 Storm Form               Tmut/Air       6%         N/A       100%        7
 Summon Hydra             Summ           4%         N/A       100%        7


Dungeon Overview and Level Annotations

Branches:
Dungeon (14/15)            Temple (1/1) D:5            Lair (5/5) D:10
 Shoals (0/4) Lair:2       Spider (0/4) Lair:2        Slime (0/5) Lair:4
    Orc (2/2) D:10            Elf (0/3) Orc:2       Gauntlet (visited)
 Vaults: D:13-14

Altars:
Ashenzari
Cheibriados
Dithmenos
Elyvilon
Gozag
Hepliaklqana
Kikubaaqudgha
Makhleb
Nemelex Xobeh
Qazlal
Ru
Trog
Yredelemnul
Zin
Jiyva

Shops:
D:3 :!**   D:10 *   Orc:2 *:=!

Annotations:
D:7 4 runed translucent doors
D:14 1 runed translucent door


Innate Abilities, Weirdness & Mutations

You are very small and have problems with some larger weapons.
You are too small for most types of armour.
You have supernaturally acute eyesight. (SInv)
You cover ground extremely quickly. (Speed+++)


Message History

Your +10 dagger "Ifrytoim" {spect, Contam rPois Int+2} barely misses the frost giant.
You puncture the frost giant!
The frost giant is lightly wounded.
Your +10 dagger "Ifrytoim" {spect, Contam rPois Int+2} hits the frost giant but does no damage.
Your +0 battleaxe of freezing hits the frost giant!
Your +0 battleaxe of freezing freezes the frost giant.
The frost giant hits you!!
You emit a cloud of dark smoke.
You puncture the frost giant!
The frost giant is moderately wounded.
Your +10 dagger "Ifrytoim" {spect, Contam rPois Int+2} hits the frost giant!
The frost giant completely misses you.
The cyclops throws a large rock.
The large rock completely misses you.
You puncture the frost giant!
The frost giant is heavily wounded.
Your shadow hits the frost giant but does no damage.
Your +10 dagger "Ifrytoim" {spect, Contam rPois Int+2} hits the frost giant.
You hit the frost giant but do no damage.
The frost giant is heavily wounded.
Your shadow hits the frost giant but does no damage.
Your +10 dagger "Ifrytoim" {spect, Contam rPois Int+2} hits the frost giant.
The frost giant points at you and mumbles some strange words.
The bolt of cold hits you! You resist.
You emit a cloud of dark smoke.
Your +0 battleaxe of freezing hits the frost giant!
You barely miss the frost giant.
The frost giant is severely wounded.
Your +10 dagger "Ifrytoim" {spect, Contam rPois Int+2} hits the frost giant.
You barely miss the frost giant.
The frost giant is severely wounded.
Your +10 dagger "Ifrytoim" {spect, Contam rPois Int+2} hits the frost giant.
The frost giant points at you and mumbles some strange words.
The bolt of cold misses you.
You hit the frost giant but do no damage.
The frost giant is severely wounded.
Your +10 dagger "Ifrytoim" {spect, Contam rPois Int+2} completely misses the frost giant.
Your +0 battleaxe of freezing hits the frost giant.
Your +0 battleaxe of freezing hits something!
Your +0 battleaxe of freezing freezes something.
The cyclops throws a large rock.
The large rock hits you!!!
Ouch! That really hurt!
You die...

............############..#######
.####^####.......................
.# ..... #.###########.##########
.#.......#.# #.# .#.......#.# #.#
.^..._...#.# #.# )#.......#.# #.#
.#.......#.###########.##########
.# ..... #...§(C@§§..............
.####^####...§§(§§§..............
.............§§§§§...............
..................§..............
.....................C.[.........
.....................)...........
...........####...........Y......
...........# #########.#.#######
...........# #..#.#####


You could see a frost giant (distracted, ally target), a cyclops, a friendly +10
dagger "Ifrytoim" {spect, Contam rPois Int+2} (summoned) and a friendly +0
battleaxe of freezing.

Vanquished Creatures
  Jorgrun (D:12)
  Kirke (D:14)
  An orc warlord (Orc:2)
  Azrael (D:13)
  Josephine (D:12)
  A fire dragon (Lair:5)
  Harold (Orc:1)
  5 hydras
  2 catoblepae
  3 centaur warriors
  An ogre mage (D:11)
  A boulder beetle (D:10)
  7 two-headed ogres
  3 tengu warriors
  Urug (Lair:2)
  2 death yaks (Lair:2)
  An orc high priest (Orc:2)
  A deep troll earth mage (D:14)
  Nergalle (D:12)
  A fire crab (Lair:5)
  Amaemon (D:8)
  Lodul (D:13)
  Pikel (D:4)
  7 orc knights (Orc:2)
  A deep elf zephyrmancer (D:11)
  2 manticores
  3 orc sorcerers (Orc:2)
  4 ugly things
  7 cyclopes
  5 elephants (Lair:2)
  Joseph (D:7)
  5 black mambas
  2 molten gargoyles (Lair:5)
  A torpor snail (Lair:2)
  11 cane toads
  2 efreet (D:14)
  An orange demon (D:8)
  3 rime drakes
  A tengu conjurer (D:13)
  12 komodo dragons
  A yaktaur (shapeshifter) (D:13)
  2 polar bears
  11 trolls
  A hornet (D:8)
  13 blink frogs
  3 saltlings (Orc:2)
  10 slime creatures
  A shadow (D:12)
  11 wyverns
  21 yaks
  A vampire (D:11)
  7 wraiths
  6 hogs
  8 basilisks
  3 fire elementals (D:13)
  2 steam dragons (Lair:5)
  10 vampire mosquitoes
  3 wargs
  14 water moccasins
  Duvessa (D:7)
  3 acid dragons
  8 hell hounds
  28 orc warriors
  An ice beast (D:7)
  A tengu (shapeshifter) (D:14)
  11 ogres
  3 wolves (Lair:3)
  14 centaurs
  2 phantoms
  4 kobold brigands
  13 bullfrogs
  2 gnoll sergeants
  3 necrophages
  4 scorpions
  22 wights
  Dowan (D:7)
  6 killer bees (D:8)
  2 howler monkeys
  5 jellies
  5 bullfrog zombies (D:5)
  4 lava snakes (Lair:5)
  6 hounds
  14 orc priests
  A human zombie (D:5)
  9 iguanas
  Terence (D:3)
  22 orc wizards
  2 hound zombies (D:5)
  A boggart simulacrum (D:14)
  A mummy (D:5)
  10 gnolls
  8 adders
  A white imp (D:7)
  3 worms
  6 dart slugs
  92 orcs
  7 ball pythons
  12 endoplasms
  2 giant cockroaches
  7 goblins
  7 hobgoblins
  2 jackals (D:2)
  6 quokkas
  6 bats
  8 frilled lizards
  14 kobolds
  7 rats
  5 pillars of salt (Orc:2)
638 creatures vanquished.

Vanquished Creatures (others)
  A wyvern (Lair:5)
  19 fungi
  4 pillars of salt (Orc:2)
  21 plants
  5 toadstools (D:7)
50 creatures vanquished.

Grand Total: 688 creatures vanquished

Notes
Turn   | Place    | Note
-------+----------+-------------------------------------------
     0 | D:1      | xzight the Spriggan Enchanter began the quest for the Orb.
     0 | D:1      | Reached XP level 1. HP: 9/9 MP: 5/5
   143 | D:1      | Reached XP level 2. HP: 13/13 MP: 6/6
   285 | D:1      | Found a faded altar of an unknown god.
   382 | D:1      | Learned a level 2 spell: Ensorcelled Hibernation
   602 | D:1      | Reached XP level 3. HP: 15/16 MP: 8/8
  1139 | D:2      | Found a sacrificial altar of Ru.
  1158 | D:2      | Reached skill level 5 in Stealth
  1805 | D:2      | Reached XP level 4. HP: 21/21 MP: 10/10
  1878 | D:2      | Found an opulent altar of Gozag.
  2291 | D:3      | Found Begaytore's Assorted Antiques.
  2325 | D:3      | Found Nomoy's Distillery.
  2333 | D:3      | Bought a potion of heal wounds for 55 gold pieces
  2439 | D:3      | Identified the +10 dagger "Ifrytoim" {spect, Contam rPois
                  | Int+2}
  2494 | D:3      | Found Sesko's Book Shoppe.
  2683 | D:3      | Reached XP level 5. HP: 21/24 MP: 11/11
  2776 | D:3      | Learned a level 3 spell: Confusing Touch
  2780 | D:3      | Learned a level 3 spell: Tukima's Dance
  2908 | D:3      | Identified the +10 chain mail of Felyhick {rF+ Int+5 Dex-2}
  3010 | D:3      | Noticed Terence
  3016 | D:3      | Killed Terence
  3017 | D:3      | Reached skill level 6 in Stealth
  3028 | D:3      | Found Ibbiumy's General Store.
  3236 | D:4      | Noticed a lemure
  3237 | D:4      | Noticed Pikel
  3237 | D:4      | Noticed a lemure
  3239 | D:4      | Noticed a lemure
  3316 | D:4      | Found a stormy altar of Qazlal.
  3339 | D:4      | Reached XP level 6. HP: 28/28 MP: 13/13
  3391 | D:4      | Reached skill level 5 in Hexes
  3764 | D:4      | Killed Pikel
  3765 | D:4      | Reached skill level 5 in Dodging
  3765 | D:4      | Reached skill level 7 in Stealth
  3765 | D:4      | Reached skill level 5 in Spellcasting
  3765 | D:4      | Reached XP level 7. HP: 25/32 MP: 5/16
  4207 | D:5      | Entered Level 5 of the Dungeon
  4259 | D:5      | Reached XP level 8. HP: 36/36 MP: 17/17
  4295 | D:5      | Identified the +1 leather armour of Red Divine Compulsion
                  | {rC+}
  4382 | D:5      | Noticed a two-headed ogre
  4388 | D:5      | Killed a two-headed ogre
  4389 | D:5      | Reached skill level 5 in Short Blades
  4389 | D:5      | Reached skill level 8 in Stealth
  4496 | D:5      | Found a sparkling altar of Nemelex Xobeh.
  4570 | D:5      | Reached skill level 9 in Stealth
  4603 | D:5      | Found a basalt altar of Yredelemnul.
  4622 | D:5      | Reached XP level 9. HP: 39/39 MP: 20/20
  4632 | D:5      | Learned a level 3 spell: Dazzling Flash
  4764 | D:5      | Found a staircase to the Ecumenical Temple.
  4772 | Temple   | Entered the Ecumenical Temple
  4857 | Temple   | Became a worshipper of Dithmenos the Shadowed
  5320 | D:6      | Reached skill level 10 in Stealth
  5462 | D:6      | Found a broken altar of Ashenzari.
  5652 | D:6      | Reached * piety under Dithmenos
  5982 | D:7      | Found a large runed translucent door.
  5982 | D:7      | Found a large runed translucent door.
  6012 | D:7      | Noticed a troll
  6019 | D:7      | Killed a troll
  6029 | D:7      | Reached skill level 11 in Stealth
  6068 | D:7      | Noticed a purple ugly thing
  6068 | D:7      | Noticed a cyclops
  6080 | D:7      | Found a large runed translucent door.
  6080 | D:7      | Found a large runed translucent door.
  6138 | D:7      | Found a hazy altar of Hepliaklqana.
  6261 | D:7      | Noticed Duvessa
  6265 | D:7      | Noticed Dowan
  6267 | D:7      | Killed Duvessa
  6268 | D:7      | Killed Dowan
  6292 | D:7      | Noticed Joseph
  6298 | D:7      | Killed Joseph
  6299 | D:7      | Reached XP level 10. HP: 44/44 MP: 21/21
  6351 | D:7      | Identified the +8 glaive of Vegonoem {venom, rPois rC-
                  | Dex+9}
  6447 | D:7      | Identified a scroll of acquirement
  6448 | D:7      | Acquired the amulet "Xieqo Ikiru" {Acrobat Dex+4}
  6887 | D:7      | Reached skill level 12 in Stealth
  7140 | D:7      | Reached ** piety under Dithmenos
  7143 | D:7      | Reached skill level 10 in Dodging
  7773 | D:8      | Found a bloodstained altar of Trog.
  7805 | D:8      | Reached skill level 13 in Stealth
  8055 | D:8      | Noticed an orange demon
  8057 | D:8      | Noticed Amaemon
  9024 | D:8      | Found a bloodstained altar of Trog.
  9224 | D:8      | Killed an orange demon
  9232 | D:8      | Killed Amaemon
  9402 | D:9      | Reached *** piety under Dithmenos
  9499 | D:9      | Reached XP level 11. HP: 47/47 MP: 22/22
  9532 | D:9      | Reached skill level 14 in Stealth
  9535 | D:9      | Found a white marble altar of Elyvilon.
  9716 | D:9      | Found an ancient bone altar of Kikubaaqudgha.
 10149 | D:9      | Noticed a two-headed ogre
 10174 | D:9      | Killed a two-headed ogre
 10175 | D:9      | Reached skill level 10 in Short Blades
 10289 | D:10     | Entered Level 10 of the Dungeon
 10330 | D:10     | Found a sacrificial altar of Ru.
 10348 | D:10     | Found a staircase to the Lair.
 10682 | D:10     | Found a staircase to the Orcish Mines.
 10694 | D:10     | Found Tufah's Assorted Antiques.
 10699 | D:10     | Bought a scroll of identify for 58 gold pieces
 11090 | D:11     | Noticed a boulder beetle
 11105 | D:11     | Noticed a two-headed ogre
 11285 | D:10     | Killed a boulder beetle
 11555 | D:11     | Reached **** piety under Dithmenos
 11556 | D:11     | Reached skill level 15 in Stealth
 11801 | D:11     | Noticed a deep elf zephyrmancer
 11806 | D:11     | Noticed an ogre mage
 11874 | D:11     | Identified the +9 spear of Honour {elec, Dex+4}
 12009 | D:11     | Killed a two-headed ogre
 12072 | D:11     | Noticed a brown ugly thing
 12083 | D:11     | Killed a brown ugly thing
 12206 | D:11     | Killed an ogre mage
 12224 | D:11     | Killed a deep elf zephyrmancer
 12548 | D:11     | Reached skill level 16 in Stealth
 12803 | D:12     | Identified the +3 ring mail "Xeh Wuor" {Dex+3}
 12878 | D:12     | Noticed Nergalle
 12884 | D:12     | Killed Nergalle
 12899 | D:12     | Reached XP level 12. HP: 51/51 MP: 23/23
 12988 | D:12     | Noticed a two-headed ogre
 12996 | D:12     | Killed a two-headed ogre
 13075 | D:12     | Noticed Josephine
 13153 | D:12     | Killed Josephine
 13229 | D:12     | Noticed Jorgrun
 13235 | D:12     | Killed Jorgrun
 13236 | D:12     | Reached skill level 17 in Stealth
 13242 | D:12     | Acquired the +0 hat of Lies {Will+ Str+5}
 13747 | Lair:1   | Entered Level 1 of the Lair of Beasts
 14023 | Lair:1   | Reached ***** piety under Dithmenos
 14049 | Lair:1   | Reached skill level 15 in Dodging
 14152 | Lair:1   | Reached skill level 18 in Stealth
 14880 | Lair:2   | You fall into a shaft and drop 1 floor!
 15189 | Lair:3   | Reached XP level 13. HP: 55/55 MP: 24/24
 15989 | Lair:4   | Reached skill level 19 in Stealth
 16051 | Lair:4   | Found a viscous altar of Jiyva.
 16051 | Lair:4   | Found a staircase to the Slime Pits.
 16615 | Lair:5   | Entered Level 5 of the Lair of Beasts
 17637 | Lair:5   | Found a large runed translucent door.
 17637 | Lair:5   | Found a large runed translucent door.
 17637 | Lair:5   | Noticed a fire dragon
 17705 | Lair:5   | Reached skill level 20 in Stealth
 18510 | Lair:5   | Killed a fire dragon
 18515 | Lair:5   | Identified the ring "Yhamn" {rF+ Will- rCorr MP+9}
 18852 | Lair:2   | Found a hole to the Spider Nest.
 18870 | Lair:2   | Reached skill level 21 in Stealth
 19225 | Lair:2   | Noticed Urug
 19233 | Lair:2   | Killed Urug
 19267 | Lair:2   | Reached XP level 14. HP: 48/59 MP: 25/25
 19652 | Lair:2   | Found a staircase to the Shoals.
 19922 | Orc:1    | Entered Level 1 of the Orcish Mines
 19946 | D:10     | Reached ****** piety under Dithmenos
 20606 | Orc:2    | Entered Level 2 of the Orcish Mines
 20643 | Orc:2    | Found a burning altar of Makhleb.
 20677 | Orc:2    | Found Wun Timm's Distillery.
 20685 | Orc:2    | Reached skill level 22 in Stealth
 20686 | Orc:2    | Bought a potion of haste for 160 gold pieces
 20884 | Orc:2    | Found a staircase to the Elven Halls.
 21611 | Orc:2    | Noticed an orc warlord
 21779 | Orc:2    | Found Adghiez's General Store.
 21783 | Orc:2    | Found Vorab's Book Shoppe.
 21809 | Orc:2    | Found Soawkal's Jewellery Shoppe.
 21968 | Orc:2    | Killed an orc warlord
 22067 | Orc:2    | Bought a scarf of resistance for 352 gold pieces
 22101 | Orc:2    | Reached skill level 23 in Stealth
 22411 | Orc:1    | Noticed Harold
 22424 | Orc:1    | Killed Harold
 22592 | D:13     | Found a shadowy altar of Dithmenos.
 22602 | D:13     | Noticed Azrael
 22607 | D:13     | Killed Azrael
 22849 | D:13     | Noticed Lodul
 22859 | D:13     | Killed Lodul
 22915 | D:13     | Learned a level 2 spell: Blink
 22921 | D:13     | Learned a level 5 spell: Borgnjor's Vile Clutch
 22927 | D:13     | Learned a level 5 spell: Irradiate
 23646 | Orc:2    | Bought a staff of conjuration for 275 gold pieces
 23779 | D:14     | Reached skill level 1 in Translocations
 23779 | D:14     | Reached skill level 1 in Transmutations
 23779 | D:14     | Reached skill level 1 in Evocations
 23879 | D:14     | Noticed Kirke
 24122 | D:14     | Found a gate leading to a gauntlet.
 24129 | D:14     | Found a glowing silver altar of Zin.
 24137 | Gauntlet | Entered a Gauntlet
 24137 | Gauntlet | Found a transporter.
 24137 | Gauntlet | Found a transporter.
 24141 | Gauntlet | Found a transporter.
 24141 | Gauntlet | Found a transporter.
 24141 | Gauntlet | Found a transporter.
 24155 | Gauntlet | Found a transporter.
 24160 | Gauntlet | Found a transporter.
 24175 | Gauntlet | Found a transporter.
 24197 | Gauntlet | Found a transporter.
 24223 | Gauntlet | Found a transporter.
 24243 | Gauntlet | Found a transporter.
 24294 | Gauntlet | Found a transporter.
 24340 | D:14     | Reached XP level 15. HP: 42/63 MP: 26/26
 24377 | D:14     | Reached skill level 1 in Invocations
 24493 | D:14     | Killed Kirke
 24494 | D:14     | Reached skill level 1 in Necromancy
 24809 | D:14     | Reached skill level 1 in Conjurations
 24875 | D:14     | Found a runed translucent door.
 24877 | D:14     | Noticed a frost giant
 25029 | D:14     | Reached skill level 24 in Stealth
 25029 | D:14     | Reached skill level 1 in Earth Magic
 25246 | D:14     | Hit by a large rock thrown by a cyclops

Illustrated notes

Levels and vault maps discovered:
D:1:      scummos_arrival_hexagon, layout_basic,
          chequers_ecumenical_altar_twisty
D:2:      kb_forest_paths, layout_basic, serial_bayou, serial_bayou_ford_a,
          serial_bayou_shore_b, serial_bayou_shore_b, serial_bayou_lake_a,
          basic_altar, minmay_hexomino_r4
D:3:      layout_loops_ring, serial_shops, nicolae_shop_advertising_works
          [nicolae_subvault_shop_adworks], shop, nicolae_diamond_shop,
          nicolae_shop_crystal, minmay_misc_feat_rows, cheibrodos_gnoll_hut,
          uniq_terence
D:4:      layout_layer_cave, mainiacjoe_overflow_tiny_flanked, uniq_pikel
D:5:      layout_rooms, lemuel_mausoleum_altar_yredelemnul, marbit_many_paths,
          minmay_temple_entry_grid, minmay_misc_feat_room,
          corexii_leaking_fountain, hangedman_abyss_or_decor_stagger,
          amcnicky_mini_rare_corridor_liquid, minmay_misc_feat_chi
D:6:      layout_basic, ashenzari_conservatory_becter
D:7:      cheibrodos_fertilizer, layout_layer_cave, overflow_temple_1_default,
          minmay_hollow_rounded_squares, uniq_duvessa, uniq_joseph
D:8:      layout_loops_corners, trog_butcher_becter, uniq_amaemon
D:9:      layout_long_grid, mainiacjoe_overflow_24_doors, old_standard_altar,
          kennysheep_generic_room_15
D:10:     layout_basic, nicolae_ru_the_path_less_chosen, lair_entry_dummy,
          orc_0_dummy, serial_shops, shop
D:11:     nzn_winding_woodlands_three_and_one
          [nzn_winding_woodlands_5x15_default,
          nzn_winding_woodlands_5x15_parted, nzn_winding_woodlands_5x15_cabin,
          nzn_winding_woodlands_center_diamonds], layout_rooms
D:12:     layout_gridville, uniq_jorgrun, uniq_josephine, uniq_nergalle
D:13:     layout_basic, nicolae_dithmenos_the_darkroom, uniq_lodul, uniq_azrael
D:14:     minmay_expanding_circles, layout_long_grid, david_vaults_5,
          gauntlet_entry_generic, lemuel_tele_altar, uniq_kirke
Temple:   nicolae_temple_figure_eight
Lair:1:   beast_lair_carwin_large_1, layout_cave_pods,
          grunt_forest_small_clearings, grunt_megastairs_5
Lair:2:   layout_chaotic_city, shoals_dummy_entry, spider_nest_entry_web_field,
          grunt_megastairs_4, infiniplex_staircase_pool, uniq_urug
Lair:3:   layout_regular_city, grunt_megastairs_3
Lair:4:   layout_cave_pods, slime_entry_1
Lair:5:   cheibrodos_lair_end_hotspot, layout_layer_cave
Orc:1:    layout_caves, uniq_harold
Orc:2:    hellmonk_orc_salted, layout_diamond_mine, bloody_makhleb

Skill      XL: |  1  2  3  4  5  6  7  8  9 10 11 12 13 14 15 |
---------------+----------------------------------------------+-----
Dodging        | 3 4 5 7 9 11 13 15 18 20 | 20.4
Spellcasting   | 3 4 5 6 7 |  7.4
Hexes          | 4 5 6 7 8 |  8.0
Stealth        | 5 6 7 9 11 13 16 18 21 23 24 | 24.0
Short Blades   | 2 3 4 5 7 9 11 13 | 13.3
Translocations | 1 2 |  2.4
Transmutations | 1 2 |  2.4
Evocations     | 1 2 |  2.2
Invocations    | 1 |  1.5
Necromancy     | 1 |  1.4
Conjurations   | 1 |  1.1
Earth Magic    | 1 |  1.1

Action                   |  1- 3 |  4- 6 |  7- 9 | 10-12 | 13-15 || total
-------------------------+-------+-------+-------+-------+-------++-------
Melee: Dagger            |   178 |   124 |   161 |   496 |   751 ||  1710
       Punch             |     3 |     1 |     6 |     4 |    12 ||    26
 Cast: Ensorcelled Hiber |     2 |     4 |     5 |    33 |    38 ||    82
       Confusing Touch   |       |       |       |       |     2 ||     2
       Tukima's Dance    |       |       |       |       |     5 ||     5
Evoke: Wand              |       |       |       |       |     3 ||     3
  Use: Scroll            |       |    10 |       |    13 |     8 ||    31
       Potion            |       |       |       |     1 |     3 ||     4
 Stab: Sleeping          |    11 |    10 |    14 |    81 |   105 ||   221
       Distracted        |       |       |     6 |    16 |    38 ||    60
       Confused          |       |       |       |       |     2 ||     2
Armor: Robe              |     7 |     4 |       |     3 |     2 ||    16
Dodge: Dodged            |   123 |    84 |    76 |   276 |   504 ||  1063

Table legend: (Time is in decaauts)
 A = Elapsed time spent in this place.
 B = Non-inter-level travel time spent in this place.
 C = Inter-level travel time spent in this place.
 D = Time resting spent in this place.
 E = Time spent auto-exploring this place.
 F = Levels seen in this place.
 G = Mean time per level.
                   A        B        C        D        E       F      G
               +--------+--------+--------+--------+--------+-----+--------+
         Total |  17557 |  16653 |    904 |   3680 |   9433 |  23 |  763.3 |
       Dungeon |  11452 |  10873 |    579 |   2249 |   6315 |  14 |  818.0 |
        Temple |     63 |     56 |      7 |      0 |     50 |   1 |   63.0 |
          Lair |   4250 |   4095 |    155 |   1069 |   2283 |   5 |  850.0 |
  Orcish Mines |   1682 |   1521 |    161 |    361 |    691 |   2 |  841.0 |
      Gauntlet |    108 |    108 |      0 |      0 |     92 |   1 |  108.0 |
               +--------+--------+--------+--------+--------+-----+--------+

Top non-repeatable levels by time:
    D:10: 1338 daAuts
     D:8: 1241 daAuts
   Orc:2: 1214 daAuts
  Lair:4: 1166 daAuts
     D:7: 1040 daAuts
  Lair:5: 1013 daAuts
    D:13: 920 daAuts
  Lair:2: 894 daAuts
     D:2: 848 daAuts
     D:1: 802 daAuts
    D:11: 768 daAuts
     D:9: 767 daAuts
  Lair:1: 734 daAuts
    D:14: 713 daAuts
     D:4: 700 daAuts
